 Dungeon Crawl Stone Soup version 0.23-a0-307-gc3b755d (webtiles) character file.

44 Ijustatesigmund the Conjurer (level 3, -1/21 HPs)
             Began as an Octopode Wizard on Oct 10, 2018.
             Slain by a bullfrog skeleton (4 damage)
             ... on level 3 of the Dungeon.
             The game lasted 00:03:15 (1718 turns).

Ijustatesigmund the Conjurer (Octopode Wizard)      Turns: 1718, Time: 00:03:15

Health: -1/21      AC:  1    Str:  6    XL:     3   Next: 60%
Magic:  2/7        EV: 19    Int: 20    God:
Gold:   53         SH:  0    Dex: 16    Spells: 2/8 levels left

rFire    . . .     SeeInvis .   b - +0 spear
rCold    . . .     Gourm    .   (no shield)
rNeg     . . .     Faith    .   a - +0 hat
rPois    .         Spirit   .   (no amulet)
rElec    .         Reflect  .   (no ring)
rCorr    .         Harm     .   (no ring)
MR       .....                  (no ring)
Stlth    ++++......             (no ring)
HPRegen  0.07/turn              (no ring)
MPRegen  0.10/turn              (no ring)
                                (no ring)
                                (no ring)

@: agile, very slightly contaminated
A: almost no armour, stealthy swim, amphibious, 8 rings, constrict 8, camouflage
1, gelatinous body 1
a: no special abilities


You were on level 3 of the Dungeon.
You were not hungry.

You visited 1 branch of the dungeon, and saw 4 of its levels.

You collected 53 gold pieces.

Inventory:

Hand Weapons
 b - a +0 spear (weapon)
Missiles
 d - 6 curare-tipped needles
Armour
 a - a +0 hat (worn)
Scrolls
 e - a scroll of identify
Comestibles
 c - 2 rations
 g - a chunk of flesh


   Skills:
 - Level 2.0 Dodging
 - Level 2.6 Stealth
 - Level 3.0 Spellcasting
 + Level 3.1 Conjurations
   Level 1.0 Summonings
 + Level 1.6 Translocations


You had 2 spell levels left.
You knew the following spells:

 Your Spells              Type           Power        Failure   Level  Hunger
a - Magic Dart            Conj           ###.         4%          1    None
b - Blink                 Tloc           N/A          11%         2    ##.....
c - Mephitic Cloud        Conj/Pois/Air  #.......     28%         3    ###....

Your spell library contained the following spells:

 Spells                   Type           Power        Failure   Level  Hunger
 Call Imp                 Summ           #.......     14%         2    ##.....
 Slow                     Hex            #.......     22%         2    ##.....
 Conjure Flame            Conj/Fire      #.......     22%         3    ###....


Dungeon Overview and Level Annotations

Branches:
Dungeon (4/15)             Temple (0/1) D:4

Altars:


Innate Abilities, Weirdness & Mutations

You cannot wear most types of armour.
You are very stealthy in the water. (Stealth+)
You are amphibious.
You can wear up to eight rings at the same time.
You can use your tentacles to constrict eight enemies at once.
Your skin changes colour to match your surroundings (Stealth+).
Your rubbery body absorbs attacks. (AC +1, EV +1)


Message History

You hit the bullfrog skeleton. You grab the bullfrog skeleton.
You squeeze the bullfrog skeleton!
The bullfrog skeleton is heavily damaged.
You constrict the bullfrog skeleton. The bullfrog skeleton hits you.
* * * LOW HITPOINT WARNING * * *
The bullfrog skeleton misses you.
You hit the bullfrog skeleton but do no damage.
You squeeze the bullfrog skeleton.
The bullfrog skeleton is severely damaged.
You constrict the bullfrog skeleton. The bat hits you but does no damage.
The bullfrog skeleton barely misses you.
You hit the bullfrog skeleton.
The bullfrog skeleton is severely damaged.
You constrict the bullfrog skeleton. The bat closely misses you.
The bullfrog skeleton completely misses you.
The bullfrog skeleton closely misses you.
You barely miss the bat. Your grab misses the bat.
You constrict the bullfrog skeleton. The bat completely misses you.
The bullfrog skeleton hits you.
You die...

# .## ############
.. #............<
#>.# >†#.#b #..#
..... #..# #.#.#
#..# #.#@#
#..#####.#Z###..#
...#.....?5..)..#
.#.##.###.#.####.#
.#.##.# #.#.# #
#.##.###.#.#
#......#...#
#......###.#
#.........(#


You could see a shadow imp, a bat and a bullfrog skeleton.

Vanquished Creatures
  A gnoll (D:1)
  An ooze (D:1)
  3 leopard geckos
  A ball python (D:1)
  A giant cockroach (D:3)
  3 goblins
  4 hobgoblins
  4 bats (D:1)
  5 frilled lizards
  2 kobolds (D:1)
  4 rats (D:1)
29 creatures vanquished.

Notes
Turn   | Place    | Note
-------+----------+-------------------------------------------
     0 | D:1      | Ijustatesigmund the Octopode Wizard began the quest for the
                  | Orb.
     0 | D:1      | Reached XP level 1. HP: 11/11 MP: 4/4
   318 | D:1      | Reached XP level 2. HP: 17/17 MP: 0/6
   514 | D:1      | Learned a level 2 spell: Blink
   706 | D:1      | Reached XP level 3. HP: 21/21 MP: 5/7
   711 | D:1      | Learned a level 3 spell: Mephitic Cloud
  1591 | D:2      | You fall through a shaft for 2 floors!
  1718 | D:3      | Slain by a bullfrog skeleton

Vault maps used:
D:1:      onia_arrival_pentagram
D:2:      lemuel_crystal_altar, interstate_on_off, minivault_4, minmay_tall_x
D:3:      first_ration, portal_sewer_entry_e, minmay_cupped, uniq_jessica
D:4:      minmay_temple_entry_crystal_x, serial_shops, nicolae_shop_statue_plus,
          tso_metal_star

Skill      XL: |  1  2  3 |
---------------+----------+-----
Conjurations   | 2 3 |  3.1
Dodging        | |  2.0
Stealth        | |  2.6
Spellcasting   | |  3.0
Summonings     | |  1.0
Translocations | |  1.6

Action                   || total
-------------------------++-------
Melee: Spear             ||    39
       Constrict         ||     9
       Tentacles         ||     5
 Cast: Magic Dart        ||    50
  Use: Scroll            ||     7
       Potion            ||     1
 Stab: Sleeping          ||     1
  Eat: Chunk             ||     2
Armor: Skin              ||     3
Dodge: Dodged            ||    26

Table legend:
 A = Non-vault XP
 B = Vault XP
 C = Vault XP percentage of total XP
 D = Non-vault monster count
 E = Vault monster count
 F = Vault count percentage of total count
                 A         B        C        D         E       F
            +---------+---------+-------+---------+---------+-------
      Total |      63 |       0 |   0.0 |      29 |       0 |   0.0
            +---------+---------+-------+---------+---------+-------
        D:1 |      51 |       0 |   0.0 |      22 |       0 |   0.0
        D:2 |       4 |       0 |   0.0 |       3 |       0 |   0.0
        D:3 |       5 |       0 |   0.0 |       3 |       0 |   0.0
        D:4 |       3 |       0 |   0.0 |       1 |       0 |   0.0
            +---------+---------+-------+---------+---------+-------
